 Dungeon Crawl Stone Soup version 0.23-a0-143-g1adec7bb76 (webtiles) character file.

21806 Rrauwl the Severer (level 13, -2/98 HPs)
             Began as a Formicid Fighter on Sept 3, 2018.
             Was an Elder of Trog.
             Killed from afar by a storm dragon (48 damage)
             ... with a bolt of lightning
             ... on level 3 of the Lair of Beasts.
             The game lasted 00:37:52 (12603 turns).

Rrauwl the Severer (Formicid Fighter)              Turns: 12603, Time: 00:37:52

Health: -2/98      AC: 21    Str: 27    XL:     13   Next: 22%
Magic:  7/16       EV: 16    Int:  9    God:    Trog [****..]
Gold:   911        SH: 16    Dex: 19    Spells: 12/12 levels left

rFire    + . .     SeeInvis +   a - +4 battleaxe (protect)
rCold    + . .     Gourm    .   l - +1 shield
rNeg     . . .     Faith    .   C - +1 chain mail {rF+}
rPois    .         Spirit   .   (helmet unavailable)
rElec    .         Reflect  +   y - +0 cloak
rCorr    .         Harm     .   (no gloves)
MR       +++..                  m - +0 pair of boots
Stlth    +.........             q - amulet "Tinoynid" {Reflect MR+ SH+2 Stlth+}
HPRegen  0.26/turn              g - +4 ring of dexterity
MPRegen  0.15/turn              w - ring of protection from magic

@: agile, protection aura
A: permanent stasis, dig shafts and tunnels, four strong arms, antennae 3, cold
resistance 1, strong 1, MP-powered wands
a: Dig, Shaft Self, Trog's Hand, Brothers in Arms, Renounce Religion


You were on level 3 of the Lair of Beasts.
You worshipped Trog.
Trog was greatly pleased with you.
You were not hungry.

You visited 3 branches of the dungeon, and saw 15 of its levels.
You also visited: Ossuary.

You collected 911 gold pieces.

Inventory:

Hand Weapons
 a - a +4 battleaxe of protection (weapon)
 b - a +0 longbow
 c - a +1 dire flail of venom
Missiles
 d - 6 throwing nets (quivered)
 f - 239 arrows
 h - 180 bolts
Armour
 l - a +1 shield (worn)
 m - a +0 pair of boots (worn)
 y - a +0 cloak (worn)
 C - a +1 chain mail of fire resistance (worn)
Jewellery
 g - a +4 ring of dexterity (left hand)
 o - a +4 ring of intelligence
 q - the amulet "Tinoynid" (around neck) {Reflect MR+ SH+2 Stlth+}
   (You found it on level 6 of the Dungeon)

   [amulet of reflection]

   It shields you and reflects attacks.
   It affects your resistance to hostile enchantments.
   It affects your SH (+2).
   It makes you more stealthy.
 w - a ring of protection from magic (right hand)
Wands
 p - a wand of digging (26)
 r - a wand of polymorph (3)
 z - a wand of scattershot (2)
 B - a wand of enslavement (13)
 D - a wand of flame (50)
Scrolls
 i - 14 scrolls of identify
 j - 13 scrolls of remove curse
 n - a scroll of magic mapping
 u - a scroll of fear
Potions
 k - 3 potions of curing
 s - 4 potions of flight
 t - a potion of agility
 H - a potion of lignification
Miscellaneous
 G - a sack of spiders
Comestibles
 e - 35 rations
 v - 13 chunks of flesh


   Skills:
 - Level 8.0 Fighting
 + Level 16.0 Axes
 - Level 8.0 Armour
 - Level 4.0 Dodging
 - Level 9.0 Shields
 - Level 4.0 Evocations


You had 12 spell levels left.
You didn't know any spells.
Your spell library contained the following spells:

 Spells                   Type           Power        Failure   Level  Hunger
 Corona                   Hex            #......      89%         1    ##.....
 Ensorcelled Hibernation  Hex/Ice        #.....       96%         2    ###....
 Confuse                  Hex            #.......     99%         3    ####...
 Dazzling Spray           Conj/Hex       #.....       99%         3    ####...
 Tukima's Dance           Hex            #.......     99%         3    ####...


Dungeon Overview and Level Annotations

Branches:
Dungeon (11/15)            Temple (1/1) D:5            Lair (3/6) D:11
 Spider (0/4) Lair:3          Orc (0/2) D:11
  Swamp: Lair:2-4    Shoals: Lair:2-4

Altars:
Ashenzari
Cheibriados
Dithmenos
Elyvilon
Fedhas
Gozag
Hepliaklqana
Kikubaaqudgha
Makhleb
Nemelex Xobeh
Okawaru
Qazlal
Ru
Sif Muna
Trog
Uskayaw
Vehumet
Wu Jian
Xom
Yredelemnul
Zin
The Shining One

Shops:
D:3 *   D:6 [   D:7 (

Annotations:
D:4 3 runed doors, P0WERM0DE's ghost, amateur DDFi
D:6 Grinder


Innate Abilities, Weirdness & Mutations

You cannot be hasted, slowed, berserked, paralysed or teleported.
You can dig through walls and to a lower floor.
Your four strong arms can wield two-handed weapons with a shield.
You have a pair of large antennae on your head. (SInv)
Your flesh is cold resistant. (rC+)
Your muscles are strong. (Str +2)
You expend magic power (3 MP) to strengthen your wands.


Message History

Your ogre's corpse disappears in a puff of smoke!
Unknown command.
The storm dragon roars deafeningly!
You slice the storm dragon!!
The storm dragon is severely wounded.
You block the storm dragon's attack. x2
The storm dragon tramples you but does no damage.
You slash the storm dragon!
The storm dragon is almost dead.
You block the storm dragon's attack. x2
The storm dragon tramples you but does no damage.
You barely miss the storm dragon.
The storm dragon is almost dead.
The storm dragon misses you. You block the storm dragon's attack.
The storm dragon tramples you but does no damage.
Your chain mail prevents you from hitting the storm dragon.
The storm dragon is almost dead.
The storm dragon breathes lightning at you.
The bolt of lightning hits you!
You die...

#.## ##........# #..#
##.#'#?#.# ##.P#
###....#### #...#
##.##.#...#
##..#######.........##
####....#.#............#
#...........[.......[..#
....##.##PP##.#.........#
.P# ##.#######..@§......#
# #..# #...D§.....# ##.#
##...§##..#.# #..#
###.####.## ##.#
#.####P..# #..##
##.##...## #...#
#D##.+.### ##..###
#§..D....# ### #....##.#
#.........#


You could see a storm dragon.

Vanquished Creatures
  3 hydras
  Erica (D:8)
  A death knight (D:9)
  A two-headed ogre (D:10)
  An unseen horror (D:10)
  An ugly thing (D:8)
  3 black mambas
  Psyche (D:9)
  4 spiny frogs
  4 komodo dragons
  A hornet (D:10)
  Prince Ribbit (D:8)
  6 blink frogs (Lair:3)
  2 hippogriffs (Lair:1)
  5 redbacks
  A wyvern (D:10)
  15 yaks
  A human (D:2)
  Grum (Lair:1)
  2 basilisks (Lair:3)
  Edmund (D:5)
  A floating eye (D:11)
  2 porcupines (Lair:2)
  7 water moccasins
  4 orc warriors
  2 sky beasts
  2 eyes of draining
  2 ogres
  A phantom (D:4)
  A necrophage (D:7)
  21 wolves
  6 centaurs
  4 crocodiles
  Blork the orc (D:6)
  2 big kobolds
  15 bullfrogs
  3 water moccasin zombies (Ossuary)
  A wyvern skeleton (D:9)
  3 killer bees (D:9)
  A water moccasin skeleton (D:4)
  3 wights (D:8)
  4 howler monkeys
  2 electric eels
  6 crimson imps
  A centaur zombie (D:5)
  A quasit (D:9)
  A bullfrog zombie (D:7)
  3 jellies
  3 orc priests
  6 hounds
  7 orc wizards
  A bullfrog skeleton (D:11)
  7 iguanas
  Natasha (thrice) (D:3)
  7 worker ants
  5 big kobold zombies (Ossuary)
  2 mummies (Ossuary)
  6 adders
  4 gnolls (D:6)
  A shadow imp (D:9)
  2 oozes
  2 adder zombies
  A worm (D:7)
  A leopard gecko (D:9)
  32 orcs
  8 bats
  4 giant cockroaches
  A gnoll zombie (Ossuary)
  6 goblins
  6 hobgoblins
  4 jackals (D:9)
  2 quokkas (D:3)
  7 frilled lizards
  10 hobgoblin zombies (Ossuary)
  A jackal zombie (D:2)
  7 kobolds
  7 kobold zombies
  5 orc zombies (Ossuary)
  A quokka skeleton (D:5)
  8 rats
  2 fungi
  7 plants
332 creatures vanquished.

Vanquished Creatures (others)
  An orc (D:11)
  A bush (Lair:3)
  6 fungi (Lair:3)
  6 plants (Lair:3)
14 creatures vanquished.

Grand Total: 346 creatures vanquished

Notes
Turn   | Place    | Note
-------+----------+-------------------------------------------
     0 | D:1      | Rrauwl the Formicid Fighter began the quest for the Orb.
     0 | D:1      | Reached XP level 1. HP: 18/18 MP: 1/1
   372 | D:1      | Reached XP level 2. HP: 24/24 MP: 2/2
   758 | D:1      | Reached XP level 3. HP: 29/29 MP: 3/3
  1157 | D:2      | Found a runed door.
  1157 | D:2      | Noticed a human
  1164 | D:2      | Found a basalt altar of Yredelemnul.
  1184 | D:2      | Killed a human
  1184 | D:2      | Reached skill level 3 in Axes
  1184 | D:2      | Reached XP level 4. HP: 20/38 MP: 4/4
  1184 | D:2      | Reached XP level 5. HP: 23/43 MP: 5/5
  1184 | D:2      | Reached XP level 6. HP: 26/49 MP: 6/6
  1617 | D:3      | Reached skill level 5 in Shields
  1679 | D:3      | Found Zin's Purification Station.
  1688 | D:3      | Found a glowing silver altar of Zin.
  1773 | D:3      | Noticed Natasha
  1789 | D:3      | Killed Natasha
  1802 | D:3      | Noticed Natasha
  1808 | D:3      | Killed Natasha
  1866 | D:3      | Noticed Natasha
  1871 | D:3      | Killed Natasha
  1915 | D:3      | Found a white marble altar of Elyvilon.
  2327 | D:4      | Noticed a phantom
  2346 | D:4      | Reached skill level 4 in Axes
  2359 | D:4      | Killed a phantom
  2359 | D:4      | Reached skill level 1 in Evocations
  2359 | D:4      | Reached XP level 7. HP: 53/55 MP: 7/7
  2441 | D:4      | Noticed P0WERM0DE's ghost (amateur DDFi)
  2518 | D:4      | Found a runed gate.
  2519 | D:4      | Found a runed gate.
  2519 | D:4      | Found a runed gate.
  2542 | D:4      | Reached skill level 1 in Dodging
  2672 | D:4      | Found a sand-covered staircase.
  2678 | Ossuary  | Entered an ossuary
  2803 | Ossuary  | Reached skill level 5 in Fighting
  2816 | Ossuary  | Reached skill level 5 in Armour
  2816 | Ossuary  | Reached XP level 8. HP: 58/62 MP: 9/9
  3219 | D:5      | Entered Level 5 of the Dungeon
  3223 | D:5      | Noticed Edmund
  3244 | D:5      | Killed Edmund
  3285 | D:5      | Found a bloodstained altar of Trog.
  3285 | D:5      | Found a blossoming altar of Fedhas.
  3285 | D:5      | Found a burning altar of Makhleb.
  3296 | D:5      | Became a worshipper of Trog the Wrathful
  3353 | D:5      | Found a shadowy altar of Dithmenos.
  3466 | D:5      | Reached skill level 5 in Axes
  3822 | D:5      | Found a staircase to the Ecumenical Temple.
  3827 | Temple   | Entered the Ecumenical Temple
  4233 | D:6      | Reached * piety under Trog
  4233 | D:6      | Reached XP level 9. HP: 68/68 MP: 11/11
  4244 | D:6      | Reached skill level 6 in Axes
  4322 | D:6      | Gained mutation: Your body sometimes deteriorates upon
                  | taking damage. [potion of mutation]
  4322 | D:6      | Gained mutation: You are dopey. (Int -2) [potion of
                  | mutation]
  4322 | D:6      | Gained mutation: Your flesh is cold resistant. (rC+)
                  | [potion of mutation]
  4353 | D:6      | Noticed Grinder
  4427 | D:6      | Noticed Blork the orc
  4438 | D:6      | Killed Blork the orc
  4552 | D:6      | Reached skill level 7 in Axes
  4692 | D:6      | Found Lupeanepa's Antique Armour Shoppe.
  4776 | D:6      | Got a twitching bone amulet
  4777 | D:6      | Identified the amulet "Tinoynid" {Reflect MR+ SH+2 Stlth+}
                  | (You found it on level 6 of the Dungeon)
  5518 | D:7      | Found Rimiunar's Weapon Shop.
  5618 | D:7      | Found a snail-covered altar of Cheibriados.
  5619 | D:7      | Lost mutation: Your body sometimes deteriorates upon taking
                  | damage. [potion of mutation]
  5619 | D:7      | Lost mutation: You are dopey. (Int -2) [potion of mutation]
  5619 | D:7      | Gained mutation: You expend magic power (3 MP) to
                  | strengthen your wands. [potion of mutation]
  5619 | D:7      | Gained mutation: Your muscles are strong. (Str +2) [potion
                  | of mutation]
  5710 | D:8      | Noticed Erica
  5971 | D:8      | Noticed Prince Ribbit
  5987 | D:8      | Killed Erica
  5987 | D:8      | Reached skill level 9 in Axes
  5987 | D:8      | Reached XP level 10. HP: 73/74 MP: 9/12
  6217 | D:8      | Noticed a green ugly thing
  6234 | D:8      | Killed a red ugly thing
  6234 | D:8      | Reached skill level 10 in Axes
  6557 | D:8      | Reached ** piety under Trog
  6650 | D:8      | Killed Prince Ribbit
  7223 | D:9      | Reached skill level 11 in Axes
  7295 | D:9      | Found a sparkling altar of Nemelex Xobeh.
  7596 | D:9      | Noticed Psyche
  7604 | D:9      | Killed Psyche
  7604 | D:9      | Reached skill level 12 in Axes
  7616 | D:9      | Reached XP level 11. HP: 75/79 MP: 8/13
  7760 | D:9      | Noticed a death knight
  7768 | D:9      | Reached *** piety under Trog
  7772 | D:9      | Killed a death knight
  8118 | D:10     | Entered Level 10 of the Dungeon
  8137 | D:10     | Noticed a two-headed ogre
  8144 | D:10     | Reached skill level 13 in Axes
  8213 | D:10     | Noticed an unseen horror
  8225 | D:10     | Killed an unseen horror
  8226 | D:10     | Killed a two-headed ogre
  8281 | D:10     | Reached skill level 14 in Axes
  8584 | D:11     | Noticed Harold
  8585 | D:11     | Noticed Harold
  8585 | D:11     | Harold changed into Harold the redback
  8595 | D:11     | Killed Harold the redback
  8923 | D:11     | Found a staircase to the Orcish Mines.
  9172 | D:11     | Found a staircase to the Lair.
  9186 | D:11     | Noticed Urug
  9187 | D:11     | Noticed Urug
  9187 | D:11     | Urug changed into Urug the floating eye
  9188 | D:11     | Killed Urug the floating eye
  9341 | Lair:1   | Entered Level 1 of the Lair of Beasts
  9341 | Lair:1   | Noticed Grum
  9363 | Lair:1   | Killed Grum
  9442 | Lair:1   | Reached XP level 12. HP: 86/86 MP: 14/14
  9552 | Lair:1   | You fall through a shaft!
  9695 | Lair:1   | Reached **** piety under Trog
 10227 | Lair:2   | Noticed a four-headed hydra
 10247 | Lair:2   | Killed a four-headed hydra
 10459 | Lair:2   | Noticed a four-headed hydra
 10470 | Lair:2   | Killed a four-headed hydra
 10801 | Lair:2   | Found a deep blue altar of Sif Muna.
 11666 | Lair:3   | Found a hole to the Spider Nest.
 11741 | Lair:3   | Noticed a four-headed hydra
 11755 | Lair:3   | Killed a four-headed hydra
 11755 | Lair:3   | Reached skill level 15 in Axes
 12108 | Lair:3   | Reached XP level 13. HP: 80/98 MP: 16/16
 12507 | Lair:3   | Reached skill level 16 in Axes
 12581 | Lair:3   | Noticed an eight-headed hydra
 12585 | Lair:3   | Noticed a storm dragon
 12585 | Lair:3   | an eight-headed hydra changed into a storm dragon
 12603 | Lair:3   | Killed from afar by a storm dragon

Vault maps used:
D:1:      dpeg_arrival_yet_another_circle, serial_forest,
          infiniplex_forest_lined_1, infiniplex_forest_pool,
          infiniplex_forest_lined_3_way, infiniplex_forest_clump_tiny,
          infiniplex_forest_lined_3, infiniplex_forest_clump_double,
          infiniplex_forest_clump_double, infiniplex_forest_clump_small,
          infiniplex_forest_lined_2, infiniplex_forest_fountain
D:2:      first_ration, dk_yredelemnul_ordeal
D:3:      zin_purify, marbit_many_paths, uniq_natasha
D:4:      gammafunk_ghost_split, serial_forest, infiniplex_forest_straight_3,
          infiniplex_forest_lined_corner, infiniplex_forest_clump_small,
          infiniplex_forest_straight_3, infiniplex_forest_lined_1,
          infiniplex_forest_lined_2, infiniplex_forest_clump_long,
          infiniplex_forest_clump_diagonal, nicolae_ossuary_entry_plus
D:5:      gammafunk_temple_overflow_claw, temple_doors_ab,
          nicolae_dithmenos_through_a_glass_darkly, uniq_edmund
D:6:      serial_shops, nicolae_shop_window_shopping, uniq_blork_the_orc,
          uniq_grinder
D:7:      slow_altar_2, serial_shops, shop
D:8:      blue_anna_alchemist, nrook_pool_corridor, uniq_erica,
          uniq_prince_ribbit1
D:9:      minmay_cornered_nines, supply_closet_lemuel,
          nemelex_spade_bored_becter, uniq_psyche
D:11:     lair_entry_dummy, orc_0_dummy, uniq_harold, uniq_urug
Temple:   regret_index_temple_sphere_string
Lair:1:   uniq_grum
Lair:2:   lemuel_centaur_altar
Lair:3:   spider_nest_entry_webs, hangedman_lair_generics_rect,
          infiniplex_staircase_pool
Ossuary:  ossuary_tomb_2

Skill      XL: |  1  2  3  4  5  6  7  8  9 10 11 12 13 |
---------------+----------------------------------------+-----
Shields        | 4 5 6 7 9 |  9.0
Fighting       | 4 5 8 |  8.0
Axes           | 3 4 5 9 12 14 15 16 | 16.0
Armour         | 4 5 8 |  8.0
Evocations     | 1 2 3 4 |  4.0
Dodging        | 1 3 4 |  4.0

Action                   |  1- 3 |  4- 6 |  7- 9 | 10-12 | 13-15 || total
-------------------------+-------+-------+-------+-------+-------++-------
Melee: War axe           |    83 |   109 |   393 |       |       ||   585
       Battleaxe         |       |       |    40 |   508 |   103 ||   651
       Dire flail        |       |       |       |    20 |       ||    20
Invok: Trog's Hand       |       |       |       |     2 |     1 ||     3
       Brothers in Arms  |       |       |       |       |     1 ||     1
 Abil: Dig               |       |       |       |     5 |     3 ||     8
Evoke: Wand              |       |       |    13 |    19 |     4 ||    36
       Sack of spiders   |       |       |       |       |     1 ||     1
  Use: Potion            |     2 |     3 |     9 |     5 |     2 ||    21
       Scroll            |     4 |     1 |     6 |     5 |       ||    16
 Stab: Distracted        |       |       |       |     1 |       ||     1
  Eat: Chunk             |     1 |     4 |    12 |    16 |     2 ||    35
       Ration            |       |       |       |     2 |       ||     2
Armor: Scale mail        |    41 |    36 |    39 |       |       ||   116
       Chain mail        |       |       |    53 |   155 |    21 ||   229
Dodge: Dodged            |    20 |    21 |   116 |   141 |    25 ||   323
Block: Shield            |    47 |    58 |   207 |   376 |    61 ||   749
       Reflection        |       |       |     1 |    19 |       ||    20

Table legend:
 A = Non-vault XP
 B = Vault XP
 C = Vault XP percentage of total XP
 D = Non-vault monster count
 E = Vault monster count
 F = Vault count percentage of total count
                 A         B        C        D         E       F
            +---------+---------+-------+---------+---------+-------
      Total |   23380 |    7772 |  24.9 |     258 |      66 |  20.4
            +---------+---------+-------+---------+---------+-------
        D:1 |      30 |       0 |   0.0 |      14 |       0 |   0.0
        D:2 |      36 |     209 |  85.3 |      12 |       3 |  20.0
        D:3 |     140 |      36 |  20.5 |      19 |       2 |   9.5
        D:4 |     312 |       0 |   0.0 |      14 |       0 |   0.0
        D:5 |     384 |     162 |  29.7 |      13 |       1 |   7.1
        D:6 |    1166 |     102 |   8.0 |      29 |       1 |   3.3
        D:7 |     265 |       5 |   1.9 |       9 |       1 |  10.0
        D:8 |    1212 |    1305 |  51.8 |      22 |       3 |  12.0
        D:9 |    1828 |    1418 |  43.7 |      28 |       4 |  12.5
       D:10 |    4041 |       0 |   0.0 |      22 |       0 |   0.0
       D:11 |     857 |     373 |  30.3 |      14 |       2 |  12.5
     Lair:1 |    3459 |     662 |  16.1 |      17 |       5 |  22.7
     Lair:2 |    3317 |     331 |   9.1 |      12 |       3 |  20.0
     Lair:3 |    6333 |    2741 |  30.2 |      33 |       9 |  21.4
    Ossuary |       0 |     428 | 100.0 |       0 |      32 | 100.0
            +---------+---------+-------+---------+---------+-------
